 Dungeon Crawl Stone Soup version 0.22-a0-422-g9628fc8 (webtiles) character file.

1722 Amnesiac the Transmogrifier (level 8, -4/37 HPs)
             Began as a Spriggan Transmuter on May 18, 2018.
             Was a Follower of Okawaru.
             Killed from afar by Dowan (14 damage)
             ... with a stone arrow
             ... on level 7 of the Dungeon.
             The game lasted 00:10:16 (6252 turns).

Amnesiac the Transmogrifier (Spriggan Transmuter)   Turns: 6252, Time: 00:10:17

Health: -4/37      AC:  7    Str:  8    XL:     8   Next: 75%
Magic:  13/18      EV: 23    Int: 15    God:    Okawaru [*.....]
Gold:   314        SH:  0    Dex: 16    Spells: 12/20 levels left

rFire    . . .     SeeInvis +     - Unarmed
rCold    . . .     Gourm    .   (shield currently unavailable)
rNeg     . . .     Faith    .   w - +2 robe {MR+}
rPois    +         Spirit   .   g - +2 hat
rElec    .         Reflect  .   p - +0 cloak
rCorr    .         Harm     +   (gloves unavailable)
MR       ++...                  (boots unavailable)
Stlth    +.........             e - amulet of harm
HPRegen  0.12/turn              c - ring of poison resistance
MPRegen  0.16/turn              j - +5 ring of evasion

@: lethally poisoned (-4 -> -12), blade hands (expiring), very quick
A: very small, unfitting armour, see invisible, herbivore, speed 3, slow
metabolism 2
a: End Transformation, Heroism, Renounce Religion


You were on level 7 of the Dungeon.
You worshipped Okawaru.
Okawaru was aware of your devotion.
You were not hungry.
You had blades for hands.
You visited 2 branches of the dungeon, and saw 8 of its levels.

You collected 314 gold pieces.

Inventory:

Hand Weapons
 q - a +0 blowgun
Missiles
 a - 33 arrows (quivered)
 r - 29 poisoned needles
Armour
 g - a +2 hat (worn)
 p - a +0 cloak (worn)
 w - a +2 robe of magic resistance (worn)
Jewellery
 c - a ring of poison resistance (left scythe-like blade)
 e - an amulet of harm (around neck)
 h - an uncursed ring of protection from cold
 j - a +5 ring of evasion (right scythe-like blade)
 n - an uncursed ring of fire
 J - an uncursed ring of resist corrosion
Wands
 y - a wand of polymorph (2)
 C - a wand of flame (29)
 E - a wand of iceblast (16)
 H - a wand of clouds (9)
Scrolls
 i - a scroll of teleportation {!r}
 k - 2 scrolls of enchant weapon {!r}
 v - a scroll of magic mapping {!r}
 D - a scroll of brand weapon {!r}
 F - a scroll of fog {!r}
 I - 3 scrolls of remove curse {!r}
Potions
 b - 5 potions of haste {!q, unknown}
 f - 2 potions of curing {!q}
 l - a potion of lignification {!q, unknown}
 o - a potion of magic {!q, unknown}
 s - 2 potions of might {!q, unknown}
 t - a potion of degeneration {!q, unknown}
 u - a potion of ambrosia {!q, unknown}
 z - a potion of heal wounds {!q, unknown}
 A - 2 potions of resistance {!q, unknown}
 G - a potion of brilliance {!q}
Comestibles
 d - 11 rations


   Skills:
 - Level 1.0 Fighting
 - Level 3.0 Dodging
 - Level 3.0 Unarmed Combat
 - Level 6.5 Spellcasting
 - Level 9.0 Transmutations
 * Level 7.1 Invocations


You had 12 spell levels left.
You knew the following spells:

 Your Spells              Type           Power        Failure   Level  Hunger
a - Blade Hands           Tmut           ####......   45%         5    ######.
b - Sticks to Snakes      Tmut           ####....     12%         2    #......
c - Beastly Appendage     Tmut           ####..       11%         1    None

Your spell library contained the following spells:

 Spells                   Type           Power        Failure   Level  Hunger
 Spider Form              Tmut/Pois      ###.......   38%         3    ##.....
 Ice Form                 Ice/Tmut       ###.....     65%         4    ####...


Dungeon Overview and Level Annotations

Branches:
Dungeon (7/15)             Temple (1/1) D:5

Altars:
Ashenzari
Cheibriados
Dithmenos
Elyvilon
Fedhas
Gozag
Hepliaklqana
Kikubaaqudgha
Makhleb
Nemelex Xobeh
Okawaru
Qazlal
Ru
Vehumet
Wu Jian
Xom
Yredelemnul
Zin
The Shining One

Shops:
D:4 *   D:7 [

Annotations:
D:7 Dowan


Innate Abilities, Weirdness & Mutations

You are very small and have problems with some larger weapons.
You are too small for most types of armour.
You have supernaturally acute eyesight. (SInv)
You are a herbivore.
You cover ground extremely quickly.
You need to consume almost no food.


Message History

Found a potion of brilliance.
Dowan is nearby!
Casting: Blade Hands (slightly dangerous; 10% risk of failure)
Confirm with . or Enter, or press ? or * to list all spells.
Your hands turn into razor-sharp scythe blades.
Dowan shouts!
Dowan points at something and mumbles some strange words.
Casting: Blade Hands (very dangerous; 45% risk of failure)
Confirm with . or Enter, or press ? or * to list all spells.
You create a snake!
You now have 33 arrows.
Dowan casts a spell.
Dowan blinks!
Dowan says, "My weaknesses are her strengths!"
Dowan hits you but does no damage.
You barely miss Dowan. Dowan misses you.
You barely miss Dowan.
Your transformation is almost over.
Dowan misses you.
You slash Duvessa!
Duvessa is moderately wounded.
Duvessa closely misses you.
Dowan hits your water moccasin but does no damage.
You hit Duvessa but do no damage.
Duvessa is moderately wounded.
Duvessa completely misses you.
Duvessa hits you with a short sword of venom!
You hit Duvessa.
Duvessa is heavily wounded.
Dowan misses your water moccasin. Duvessa closely misses you.
What are your orders? t - Shout!
Orders for allies: a - Attack new target. r - Retreat! s - Stop attacking. g - Guard the area. f - Follow me.
Anything else - Cancel.
Gang up on whom?
Press: ? - help, Dir - move target cursor, f - Duvessa
Aim: Duvessa, wielding a short sword of venom and wearing a scale mail (heavily wounded, fast) Attack!
Duvessa hits you with a short sword of venom.
* * * LOW HITPOINT WARNING * * *
You are poisoned.
Dowan gestures at your water moccasin while chanting.
The puff of flame hits your water moccasin.
You hit Duvessa.
Duvessa is severely wounded.
You feel sick. Duvessa barely misses you.
Dowan points at your water moccasin and mumbles some strange words.
Your water moccasin resists with some effort.
Duvessa barely misses you.
You barely miss Dowan.
Dowan is severely wounded.
You feel sick. Duvessa barely misses you. Dowan hits you with a dagger.
* * * LOW HITPOINT WARNING * * *
You slash Duvessa!
You kill Duvessa!
Okawaru accepts your kill.
Dowan seems overcome with grief, but rights himself reflexively soon after.
Dowan seems to find hidden reserves of power!
Your Invocations skill increases to level 7!
You feel sick.
Dowan points at you and mumbles some strange words.
The stone arrow hits you!
You die...

,,,,,,***#.#####.#..#....#.#####.
****,,,*,,...#...#...............
*,,,*,*,................######
****,,,*,*,#...###.))............
,,,,,*,*,*,#...#...)..........##.
,#**,*,*,*,#...###.#.#...........
.#**,,,,,**#...###.#.............
.##,,,,,,.##...Se..#......#....##
..',,,.........)@.........+......
.##,,,....<....#####.#....#....##
.#*,,,.........# #.#...##....##
....,*#.##.##..#***#.#...##....##
####,*!,...*#e..,,,*,,,,,,......,
+,,,,*,*.#*,..##**,*,*,,,,,,,,,,*
#*****,#.,,....,,,,,,,,,,,,,,,,,*
# *,*,,*,,,,,,,,*,*,*,,,,,,,,*
******,,,,,,,,******,,,,,,,,,,,,*


You could see Dowan and a friendly water moccasin.

Vanquished Creatures
  Pikel (D:4)
  Duvessa (D:7)
  2 sky beasts (D:6)
  3 slaves (D:4)
  A centaur (D:6)
  2 bullfrogs
  2 scorpions (D:6)
  2 crimson imps (D:5)
  A bullfrog zombie (D:6)
  A centaur skeleton (D:4)
  A quasit (D:5)
  Ijyb (D:5)
  2 iguanas (D:6)
  An orc wizard (D:4)
  A worker ant (D:4)
  2 killer bee zombies
  2 hound skeletons
  Robin (D:2)
  10 adders
  A shadow imp (D:5)
  An ooze (D:4)
  An adder zombie (D:6)
  2 worms
  A dart slug (D:3)
  7 leopard geckos
  18 orcs
  5 bats
  9 giant cockroaches
  14 goblins
  7 hobgoblins
  9 jackals
  8 kobolds
  4 quokkas
  3 ball pythons
  3 frilled lizards
  8 rats
138 creatures vanquished.

Vanquished Creatures (collateral kills)
  A slave (D:3)
  A sky beast (D:3)
  A crimson imp (D:3)
  A worker ant (D:3)
  An adder (D:3)
  An ooze (D:3)
  3 worms (D:2)
  A leopard gecko (D:3)
  An orc (D:3)
  A goblin (D:2)
  2 hobgoblins (D:3)
  A frilled lizard (D:3)
15 creatures vanquished.

Vanquished Creatures (others)
  An orc (D:4)
1 creature vanquished.

Grand Total: 154 creatures vanquished

Notes
Turn   | Place    | Note
-------+----------+-------------------------------------------
     0 | D:1      | Amnesiac the Spriggan Transmuter began the quest for the Orb.
     0 | D:1      | Reached XP level 1. HP: 9/9 MP: 5/5
   197 | D:1      | Reached skill level 3 in Transmutations
   474 | D:2      | Reached skill level 1 in Fighting
   517 | D:2      | Reached XP level 2. HP: 12/14 MP: 4/6
   533 | D:2      | Learned a level 2 spell: Sticks to Snakes
  1021 | D:2      | Reached XP level 3. HP: 13/18 MP: 8/8
  1033 | D:2      | Reached skill level 4 in Transmutations
  1134 | D:2      | Noticed Robin
  1176 | D:2      | Killed Robin
  1674 | D:2      | Reached XP level 4. HP: 22/22 MP: 8/10
  2097 | D:3      | Reached skill level 5 in Transmutations
  2200 | D:3      | Reached XP level 5. HP: 22/25 MP: 8/12
  2462 | D:3      | Learned a level 5 spell: Blade Hands
  2564 | D:4      | Noticed Pikel
  2564 | D:4      | Noticed a slave
  2566 | D:4      | Noticed a slave
  2579 | D:3      | Killed a slave
  2588 | D:4      | Noticed a sky beast
  2613 | D:3      | Killed a sky beast
  2613 | D:3      | Reached skill level 6 in Transmutations
  2949 | D:4      | Found Ynoeten's General Store.
  3057 | D:4      | Found a shadowy altar of Dithmenos.
  3082 | D:4      | Reached XP level 6. HP: 23/30 MP: 13/13
  3230 | D:4      | Found an ornate altar of the Wu Jian Council.
  3242 | D:4      | Noticed a slave
  3242 | D:4      | Noticed a slave
  3266 | D:4      | Killed Pikel
  3266 | D:4      | Reached skill level 5 in Spellcasting
  3266 | D:4      | Reached skill level 8 in Transmutations
  3266 | D:4      | Reached XP level 7. HP: 27/33 MP: 8/16
  3584 | D:5      | Entered Level 5 of the Dungeon
  3639 | D:5      | Found a staircase to the Ecumenical Temple.
  3703 | Temple   | Entered the Ecumenical Temple
  3738 | Temple   | Became a worshipper of Warmaster Okawaru
  3846 | D:5      | Reached skill level 1 in Invocations
  3975 | D:5      | Reached skill level 9 in Transmutations
  4032 | D:5      | Noticed Ijyb
  4068 | D:5      | Killed Ijyb
  4667 | D:6      | Reached XP level 8. HP: 37/37 MP: 13/18
  4884 | D:6      | Reached * piety under Okawaru
  4888 | D:6      | Reached skill level 5 in Invocations
  5767 | D:7      | Noticed Dowan
  5768 | D:7      | Noticed Duvessa
  6197 | D:7      | Found Dyfoho's Armour Shop.
  6252 | D:7      | Killed Duvessa
  6252 | D:7      | Killed from afar by Dowan

Vault maps used:
D:1:      dpeg_arrival_arbitrary_a
D:2:      wad_crossroads, uniq_robin
D:4:      overflow_temple_1_default, first_ration, serial_shops, shop,
          nicolae_dithmenos_through_a_glass_darkly, uniq_pikel
D:5:      minmay_temple_entry_fiery, uniq_ijyb
D:7:      serial_shops, shop, grunt_livestock, uniq_duvessa
Temple:   kilobyte_greek_temple

Skill      XL: |  1  2  3  4  5  6  7  8 |
---------------+-------------------------+-----
Transmutations | 3 4 5 6 8 9 |  9.0
Fighting       | 1 |  1.0
Spellcasting   | 3 4 5 6 |  6.5
Unarmed Combat | 3 |  3.0
Invocations    | 3 7 |  7.1
Dodging        | |  3.0

Action                   |  1- 3 |  4- 6 |  7- 9 || total
-------------------------+-------+-------+-------++-------
Melee: Unarmed           |   115 |   222 |   243 ||   580
       Headbutt          |     8 |     4 |       ||    12
       Kick              |    10 |    26 |     1 ||    37
       Punch             |     1 |     2 |     1 ||     4
 Cast: Beastly Appendage |    19 |    15 |     2 ||    36
       Sticks to Snakes  |     7 |     9 |     3 ||    19
       Blade Hands       |       |     1 |    18 ||    19
  Use: Scroll            |       |     4 |     9 ||    13
 Stab: Sleeping          |     5 |     3 |       ||     8
       Distracted        |       |     1 |       ||     1
  Eat: Ration            |       |     2 |     4 ||     6
Armor: Robe              |     4 |       |    26 ||    30
       Animal skin       |     1 |    22 |       ||    23
Dodge: Dodged            |    75 |   195 |   250 ||   520

Table legend:
 A = Spawn XP
 B = Non-spawn XP
 C = Spawn XP percentage of total XP
 D = Spawn monster count
 E = Non-spawn monster count
 F = Spawn count percentage of total count
 G = Total turns spent on level
                    A         B        C        D         E        F      G
               +---------+---------+-------+---------+---------+-------+---------
         Total |       0 |    2460 |   0.0 |       0 |     149 |   0.0 |  6252
               +---------+---------+-------+---------+---------+-------+---------
           D:1 |       0 |       5 |   0.0 |       0 |       3 |   0.0 |   673
           D:2 |       0 |     123 |   0.0 |       0 |      46 |   0.0 |  1394
           D:3 |       0 |     194 |   0.0 |       0 |      30 |   0.0 |   751
           D:4 |       0 |     778 |   0.0 |       0 |      18 |   0.0 |   766
           D:5 |       0 |     246 |   0.0 |       0 |      22 |   0.0 |  1000
           D:6 |       0 |     811 |   0.0 |       0 |      18 |   0.0 |  1443
           D:7 |       0 |     303 |   0.0 |       0 |      12 |   0.0 |   155
               +---------+---------+-------+---------+---------+-------+---------
